 Dungeon Crawl Stone Soup version 0.31-a0-188-g5e087ee2ca (webtiles) character file.

Game seed: 17784688958412471556

48 qw the Shooter (level 3, 0/20 HPs)
             Began as a Deep Elf Hunter on June 22, 2023.
             Slain by a worm (2 damage)
             ... on level 2 of the Dungeon.
             The game lasted 00:00:25 (926 turns).

qw the Shooter (Deep Elf Hunter)                     Turns: 926, Time: 00:00:26

Health: 0/20       AC:  5    Str: 10    XL:     3   Next: 50%
Magic:  5/5        EV: 11    Int: 13    God:
Gold:   61         SH:  0    Dex: 18    Spells: 2/2 levels left

rFire   . . .        Y - +0 shortbow
rCold   . . .        (shield currently unavailable)
rNeg    . . .        g - +0 ring mail
rPois   .            (no helmet)
rElec   .            (no cloak)
rCorr   .            (no gloves)
SInv    .            (no boots)
Will    .....        (no amulet)
Stlth   +            (no ring)
HPRegen 0.23/turn    (no ring)
MPRegen 0.09/turn

%: no passive effects
@: no status effects
A: no striking features
a: no special abilities


You were on level 2 of the Dungeon.
You visited 1 branch of the dungeon, and saw 2 of its levels.

You collected 61 gold pieces.


   Skills:
 - Level 1.5 Fighting
 + Level 7.0 Ranged Weapons
 - Level 2.4 Dodging
 - Level 1.2 Stealth


You had 2 spell levels left.
You didn't know any spells.
Your spell library was empty.

Inventory:

Hand Weapons
 Y - a +0 shortbow (weapon)
Armour
 g - a +0 ring mail (worn)
Scrolls
 a - a scroll of identify
 b - a scroll of enchant armour {unknown}
Potions
 e - 2 potions of curing {unknown}
 f - a potion of ambrosia {unknown}
 j - a potion of magic {unknown}

Dungeon Overview and Level Annotations

Branches:
Dungeon (2/15)

Altars:

Shops:
D:2 *


Message History

You shoot an arrow.
The arrow hits the giant cockroach but does no damage.
The giant cockroach is heavily wounded.
The giant cockroach bites you.
You shoot an arrow. The arrow hits the giant cockroach!
You kill the giant cockroach!
A rat comes into view.
You shoot an arrow.
The arrow hits the worm but does no damage.
The worm bites you!
You shoot an arrow. The arrow barely misses the worm.
The arrow closely misses the rat.
The worm closely misses you.
You shoot an arrow. The arrow completely misses the worm.
The arrow hits the rat!
You kill the rat!
You shoot an arrow. The arrow barely misses the worm.
The worm bites you!
You shoot an arrow. The arrow hits the worm.
The worm is lightly wounded.
The worm closely misses you.
You shoot an arrow. The arrow hits the worm.
The worm is moderately wounded.
You shoot an arrow.
The arrow hits the worm but does no damage.
The worm is moderately wounded.
The worm bites you.
You shoot an arrow. The arrow completely misses the worm.
The worm barely misses you.
You shoot an arrow. The arrow hits the worm.
The worm is moderately wounded.
The worm barely misses you.
You shoot an arrow. The arrow hits the worm.
The worm is moderately wounded.
You shoot an arrow. The arrow barely misses the worm.
The worm completely misses you.
You shoot an arrow. The arrow hits the worm.
The worm is heavily wounded.
The worm bites you.
You die...

######.....[..
#######...#..........
###....................
.....................>
####....................
.....#.#................
..###...................
........##...#..........
....###@.######.........
.#. #w.## ###[#.####
...## #..#.# #..#..
###.## # ......) #...# .
......... #.####. ...
.#. . ###.# #.. ...<.##
#.##...# #.# . #.#..###
#.#


You could see a worm.

Vanquished Creatures
  An adder (D:2)
  3 dart slugs
  4 endoplasms (D:1)
  2 giant cockroaches
  4 hobgoblins
  2 jackals (D:2)
  2 quokkas
  3 ball pythons
  4 bats
  A frilled lizard (D:2)
  A goblin (D:1)
  2 kobolds (D:1)
  4 rats (D:2)
33 creatures vanquished.

Notes
Turn   | Place    | Note
-------+----------+-------------------------------------------
     0 | D:1      | qw the Deep Elf Hunter began the quest for the Orb.
     0 | D:1      | Reached XP level 1. HP: 12/12 MP: 3/3
     0 | D:1      | 0 ||| qw: Version: 0.3-a-9-g12657ce
     0 | D:1      | 0 ||| qw: Game counter: 2917
     0 | D:1      | 0 ||| qw: Always use a shield: true
     0 | D:1      | 0 ||| qw: God list: Okawaru
     0 | D:1      | 0 ||| qw: Allow faded altars: false
     0 | D:1      | 0 ||| qw: Do Orc after D:15 true
     0 | D:1      | 0 ||| qw: Do second Lair branch before Depths: true
     0 | D:1      | 0 ||| qw: Lair rune preference: random
     0 | D:1      | 0 ||| qw: Plans: Normal
     0 | D:1      | 0 ||| PLANNING D:1-11
     4 | D:1      | Noticed a black mamba
     7 | D:1      | Noticed a six-headed hydra
   196 | D:1      | Reached skill level 6 in Ranged Weapons
   196 | D:1      | Reached XP level 2. HP: 16/16 MP: 4/4
   712 | D:1      | 712 ||| UPGRADING to +0 ring mail.
   722 | D:1      | 722 ||| DROPPING +0 leather armour.
   723 | D:1      | 723 ||| DROPPING ring of flight.
   724 | D:1      | 724 ||| READING scroll labelled MUKHLA ZOVAI.
   725 | D:1      | 725 ||| READING scroll labelled AFUDWU NAXZOAT.
   728 | D:1      | 728 ||| DROPPING scroll of butterflies.
   773 | D:2      | Found Ituy's Assorted Antiques.
   779 | D:2      | 779 ||| SHOPLISTING brass wand (116 gold, have 20).
   779 | D:2      | 779 ||| SHOPLISTING pair of boots (130 gold, have 20).
   779 | D:2      | 779 ||| SHOPLISTING smoky red potion (26 gold, have 20).
   806 | D:2      | Found a faded altar of an unknown god.
   810 | D:2      | Reached XP level 3. HP: 20/20 MP: 5/5
   909 | D:2      | Reached skill level 7 in Ranged Weapons
   918 | D:2      | HP: 5/20 [worm (8)]
   921 | D:2      | HP: 1/20 [worm (5)]
   926 | D:2      | Slain by a worm

Levels and vault maps discovered:
D:1:      sevenhm_arrival_forest_fort_small_2, layout_basic,
          reono_crystal_passage
D:2:      layout_rooms, dreamdust_ecumenical_altar_hidden_monk_grotto,
          serial_shops, shop

Skill      XL: |  1  2  3 |
---------------+----------+-----
Ranged Weapons | 6 7 |  7.0
Fighting       | |  1.5
Dodging        | |  2.4
Stealth        | |  1.2

Action                     || total
---------------------------++-------
   Fire: Shortbow          ||    93
    Use: Scroll            ||     2
 Armour: Ring mail         ||     1
  Dodge: Dodged            ||    17

Table legend:
 A = Non-vault XP
 B = Vault XP
 C = Vault XP percentage of total XP
 D = Non-vault monster count
 E = Vault monster count
 F = Vault count percentage of total count
                 A         B        C        D         E       F
            +---------+---------+-------+---------+---------+-------
      Total |      69 |       0 |   0.0 |      33 |       0 |   0.0
            +---------+---------+-------+---------+---------+-------
        D:1 |      33 |       0 |   0.0 |      18 |       0 |   0.0
        D:2 |      36 |       0 |   0.0 |      15 |       0 |   0.0
            +---------+---------+-------+---------+---------+-------
